 Dungeon Crawl Stone Soup version 0.25-a0-766-g0ecfff5 (webtiles) character file.

52192 slowcore the Ripper (level 14, 64/64 HPs)
             Began as a Felid Transmuter on Oct 21, 2018.
             Was the Champion of Cheibriados.
             Quit the game on level 2 of the Lair of Beasts on Apr 14, 2020.
             The game lasted 01:29:58 (36298 turns).

slowcore the Ripper (Felid Transmuter)             Turns: 36298, Time: 01:29:59

Health: 64/64      AC:  3    Str: 21    XL:     14   Next: 26%
Magic:  26/26      EV: 38    Int: 35    God:    Cheibriados [******]
Gold:   1541       SH:  0    Dex: 33    Spells: 3/28 levels left
                                        Lives:  0   Deaths: 3

rFire    + . .     SeeInvis +     - Unarmed
rCold    + . .     Gourm    .   (shield unavailable)
rNeg     . . .     Faith    .   (armour unavailable)
rPois    +         Spirit   +   (helmet unavailable)
rElec    .         Reflect  .   (cloak unavailable)
rCorr    .         Harm     .   (gloves unavailable)
MR       ++...                  (boots unavailable)
Stlth    ++++++....             x - amulet of guardian spirit
HPRegen  0.20/turn              y - ring of protection from fire
MPRegen  0.20/turn              e - +6 ring of evasion

@: very slow
A: very small, no armour, no weapons or thrown items, stealth, claws 1, fangs 3,
see invisible, carnivore, speed 1, mutation resistance 1, poison resistance,
shaggy fur 3, slow metabolism 1, sharp paws
a: Bend Time, Temporal Distortion, Slouch, Step From Time, Renounce Religion


You were on level 2 of the Lair of Beasts.
You worshipped Cheibriados.
Cheibriados was exalted by your worship.
You were very full.

You visited 5 branches of the dungeon, and saw 25 of its levels.
You also visited: Sewer, Bailey and Labyrinth.

You collected 2206 gold pieces.
You spent 665 gold pieces at shops.

Inventory:

Missiles
 a - 494 arrows
Jewellery
 e - a +6 ring of evasion (right paw)
 u - an uncursed ring of positive energy
 x - an amulet of guardian spirit (around neck)
 y - a ring of protection from fire (left paw)
 B - an uncursed ring of protection from fire
 C - an uncursed ring of stealth
 E - an uncursed ring of flight
 N - an uncursed amulet of the acrobat {unknown}
 U - an uncursed ring of positive energy
Wands
 m - a wand of disintegration (41)
 A - a wand of digging (55)
 F - a wand of acid (10)
 G - a wand of iceblast (24)
 K - a wand of clouds (10)
 L - a wand of polymorph (18)
 S - a wand of flame (67)
 T - a wand of paralysis (28)
Scrolls
 b - 5 scrolls of blinking {unknown}
 f - 5 scrolls of amnesia
 h - 7 scrolls of fog
 j - 4 scrolls of acquirement {unknown}
 o - 5 scrolls of fear
 s - 7 scrolls of teleportation
 t - 15 scrolls of remove curse
 v - 2 scrolls of silence {unknown}
 w - 4 scrolls of noise {unknown}
 H - 3 scrolls of enchant weapon {unknown}
 J - 3 scrolls of torment {unknown}
 M - 5 scrolls of magic mapping
 O - a scroll of vulnerability
 P - 5 scrolls of immolation {unknown}
 Q - 7 scrolls of identify
Potions
 d - 3 potions of stabbing {unknown}
 g - a potion of resistance {unknown}
 i - 6 potions of mutation
 k - 5 potions of flight {unknown}
 l - 3 potions of ambrosia
 n - 4 potions of curing
 p - a potion of heal wounds
 q - 5 potions of brilliance {unknown}
 r - a potion of might
 D - 3 potions of lignification
 I - 2 potions of cancellation {unknown}
 R - 2 potions of invisibility
Miscellaneous
 W - a lightning rod (4/4)
 X - a box of beasts
Comestibles
 c - 44 rations


   Skills:
 + Level 9.4 Fighting
 - Level 10.7 Dodging
 + Level 12.0 Stealth
 * Level 16.2 Unarmed Combat
 - Level 7.5 Spellcasting
 - Level 3.9 Conjurations
 - Level 10.3 Hexes
 - Level 6.3 Transmutations
 - Level 3.8 Fire Magic
 - Level 3.6 Ice Magic
 * Level 7.2 Air Magic
 + Level 10.9 Invocations


You had 3 spell levels left.
You knew the following spells:

 Your Spells              Type           Power        Failure   Level  Hunger
a - Beastly Appendage     Tmut           ######       1%          1    None
b - Sticks to Snakes      Tmut           ######..     1%          2    None
c - Lightning Bolt        Conj/Air       ######....   9%          5    ####...
d - Ice Form              Ice/Tmut       #####...     4%          4    None
e - Tukima's Dance        Hex            ######..     1%          3    None
f - Invisibility          Hex            ######..     7%          6    #####..
g - Sticky Flame          Conj/Fire      #####...     6%          4    None

Your spell library contained the following spells:

 Spells                   Type           Power        Failure   Level  Hunger
 Foxfire                  Conj/Fire      ####         1%          1    None
 Magic Dart               Conj           ####         1%          1    None
 Searing Ray              Conj           #####.       1%          2    None
 Confusing Touch          Hex            ######..     1%          3    None
 Conjure Flame            Conj/Fire      #####...     1%          3    None
 Dazzling Flash           Conj/Hex       ######       1%          3    None
 Inner Flame              Hex/Fire       ######..     1%          3    None
 Static Discharge         Conj/Air       ######..     1%          3    None
 Ignite Poison            Fire/Tmut/Pois #####...     2%          3    None
 Spider Form              Tmut/Pois      #####.....   2%          3    None
 Animate Skeleton         Necr           N/A          3%          1    None
 Apportation              Tloc           ##....       3%          1    None
 Infusion                 Chrm           ##..         3%          1    None
 Pain                     Necr           ##..         3%          1    None
 Summon Butterflies       Summ           ##......     3%          1    None
 Summon Small Mammal      Summ           ##..         3%          1    None
 Shroud of Golubria       Chrm/Tloc      ##....       4%          2    None
 Song of Slaying          Chrm           ##......     4%          2    None
 Sublimation of Blood     Necr           ##........   4%          2    None
 Gell's Gravitas          Tloc           ##........   10%         3    None
 Lesser Beckoning         Tloc           ##........   10%         3    None
 Regeneration             Chrm/Necr      ##........   10%         3    None
 Vampiric Draining        Necr           ##........   10%         3    None
 Fulminant Prism          Conj/Hex       ######....   1%          4    None
 Yara's Violent Unravell  Hex/Tmut       ######....   3%          5    ####...
 Metabolic Englaciation   Hex/Ice        ######....   4%          5    ####...
 Blade Hands              Tmut           ######....   6%          5    ####...
 Petrify                  Tmut/Erth      #####...     9%          4    None
 Irradiate                Conj/Tmut      #####.....   11%         5    ####...
 Iskenderun's Mystic Bla  Conj/Tloc      ####....     14%         4    None
 Fireball                 Conj/Fire      #####.....   19%         5    ####...
 Alistair's Intoxication  Tmut/Pois      #####...     24%         5    ####...
 Animate Dead             Necr           N/A          32%         4    None
 Ignition                 Fire           #####.....   100%        8    #######
 Shatter                  Erth           ##........   100%        9    #######
 Tornado                  Air            ######....   100%        9    #######
 Spectral Weapon          Hex/Chrm       Unusable     N/A         3    N/A

Dungeon Overview and Level Annotations

Branches:
Dungeon (15/15)            Temple (1/1) D:4            Lair (6/6) D:11
 Shoals (0/4) Lair:3       Spider (1/4) Lair:2        Slime (0/5) Lair:6
    Orc (2/2) D:10            Elf (0/3) Orc:2        Vaults (0/5) D:14
 Depths (0/5) D:15

Altars:
Ashenzari
Cheibriados
Dithmenos
Elyvilon
Gozag
Hepliaklqana
Kikubaaqudgha
Okawaru
Ru
Vehumet
Yredelemnul
Zin
The Shining One
Beogh
Jiyva

Shops:
D:4 !   D:5 !   D:9 ?   D:15 (}*   Orc:2 ?!(}

Annotations:
Lair:3 exclusion: 2 oklob plants


Innate Abilities, Weirdness & Mutations

You cannot wear armour.
You are incapable of wielding weapons or throwing items.
Your paws allow you to move quietly. (Stealth)
You have sharp claws.
You have razor-sharp teeth.
You have supernaturally acute eyesight. (SInv)
You are carnivorous and can eat meat at any time.
You cover ground quickly.
Your thick and shaggy fur keeps you warm. (AC +3, rC+)
You have a slow metabolism.
Your sharp claws are effective at attacking unaware monsters.
You are somewhat resistant to further mutation.
Your system is resistant to poisons. (rPois)


Message History

Unknown command.
Welcome back, slowcore the Felid Transmuter.
Cheibriados says: Take it easy.
Press ? for a list of commands and other information.
Unknown command.
Okay, then.
Save game and exit?
Welcome back, slowcore the Felid Transmuter.
Cheibriados says: Take it easy.
Press ? for a list of commands and other information.
You can't grasp things well enough to throw them.
Unknown command.
You can't grasp things well enough to throw them.
You can't grasp things well enough to throw them.
Unknown command.
Welcome back, slowcore the Felid Transmuter.
Cheibriados says: Take it easy.
Press ? for a list of commands and other information.
You can't grasp things well enough to throw them.
Are you sure you want to abandon this character and quit the game? (Confirm with "yes".)

##.....####.####P.#.##..## #...#
##P..†###.#...#P.........# ##.##
......>###.............### #..#
......†P##.....^........# ##..#
........#..^........#...###P..##
.........#........^##....##....#
.....###...###^..^^##.........##
......##..###^^^^^^#........P.#
.....#.....###^^@^#....#P#.#..#
.)..........^##^^^....#######.#
.........#...^##...^^##P##.#..#
...................^^#......###
...........^....^.^^#########
###..........^...##^#.# #
##..............##..# #
####.##.....#..##### #
###.##......#


There were no monsters in sight!

Vanquished Creatures
  Gastronok (Lair:3)
  Agnes (D:14)
  Donald (Orc:2)
  A minotaur (Lab)
  An ettin (D:15)
  Josephine (D:15)
  A fire dragon (D:15)
  Harold (D:9)
  Erolcha (D:9)
  6 hydras
  A catoblepas (D:14)
  2 centaur warriors
  A dancing weapon (Orc:2)
  10 two-headed ogres
  A tengu warrior (D:13)
  3 death yaks
  Urug (D:11)
  4 orc high priests (Orc:2)
  8 skeletal warriors
  An unseen horror (D:15)
  A deep elf archer (D:15)
  A wolf spider zombie (D:15)
  An orc knight (Orc:1)
  2 orc sorcerers
  A wolf spider (Spider:1)
  14 ugly things
  3 deep elf magi
  13 elephants
  4 manticores
  4 cyclopes
  6 black mambas
  Psyche (D:10)
  Joseph (D:9)
  A torpor snail (Lair:4)
  9 spiny frogs
  5 kobold demonologists (D:13)
  4 rime drakes
  A freezing wraith (D:15)
  13 komodo dragons
  2 efreet
  A tengu conjurer (D:13)
  9 trolls
  A jumping spider (Spider:1)
  5 tyrant leeches (Lair:4)
  3 meliai (D:13)
  23 blink frogs
  6 dream sheep
  A hornet (D:11)
  A meliai zombie (D:12)
  6 slime creatures
  10 hippogriffs
  7 redbacks
  A wyvern (Lair:1)
  A tarantella (Spider:1)
  58 yaks
  6 wraiths
  3 shadows
  7 basilisks
  4 vampire mosquitoes
  6 hungry ghosts
  A soldier ant (D:11)
  Menkaure (D:6)
  2 wargs (Orc:2)
  7 swamp worms (Lair:4)
  Edmund (D:7)
  8 porcupines
  4 acid dragons (Lair:6)
  11 ice beasts
  12 water moccasins
  2 black bears (D:11)
  3 hornet zombies
  An eye of draining (D:12)
  A necrophage (D:10)
  25 orc warriors
  3 phantoms
  5 sky beasts
  16 ogres
  10 wolves
  11 crocodiles
  14 centaurs
  16 big kobolds
  18 bullfrogs
  A wyvern zombie (D:6)
  10 gnoll sergeants
  3 wyvern skeletons
  7 scorpions
  A water moccasin skeleton (D:11)
  9 wights
  An electric eel (Lair:1)
  A howler monkey (D:7)
  5 crimson imps
  2 bullfrog zombies
  A quasit (D:7)
  2 bullfrog skeletons
  6 centaur zombies
  10 hounds
  5 centaur skeletons
  5 jellies
  6 gnoll shamans (Bailey)
  28 orc priests
  9 iguanas
  17 worker ants
  36 orc wizards
  A killer bee zombie (D:8)
  A hound skeleton (D:7)
  Robin (D:2)
  17 adders
  18 gnolls
  6 river rats (Sewer)
  5 shadow imps
  2 oozes
  2 adder zombies
  5 worms
  A dart slug (D:2)
  10 leopard geckos
  83 orcs
  11 ball pythons
  4 bats
  5 giant cockroaches
  19 goblins
  11 hobgoblins
  13 jackals
  9 quokkas
  6 frilled lizards
  2 giant cockroach zombies (D:6)
  38 kobolds
  A leopard gecko skeleton (D:7)
  2 quokka skeletons
  30 rats
933 creatures vanquished.

Vanquished Creatures (collateral kills)
  5 two-headed ogres
  An ogre mage (D:15)
  A tengu warrior (D:15)
  A deep elf knight (D:15)
  A hell knight (D:15)
  Nergalle (Lair:3)
  An ugly thing (D:14)
  A deep elf mage (D:14)
  A yak (D:11)
  An orc warrior (Orc:2)
  2 ogres
  A crimson imp (D:13)
  3 orc priests (Orc:2)
  An orc wizard (Orc:2)
21 creatures vanquished.

Vanquished Creatures (others)
  6 dancing weapons
  2 kobolds (D:13)
  A bush (Lair:2)
  30 fungi
  34 plants
73 creatures vanquished.

Grand Total: 1027 creatures vanquished

Notes
Turn   | Place    | Note
-------+----------+-------------------------------------------
     0 | D:1      | slowcore the Felid Transmuter began the quest for the Orb.
     0 | D:1      | Reached XP level 1. HP: 9/9 MP: 4/4
   227 | D:1      | Reached skill level 1 in Stealth
   232 | D:1      | Reached XP level 2. HP: 8/12 MP: 6/6
   608 | D:1      | Reached XP level 3. HP: 15/15 MP: 7/7
  1186 | D:2      | Learned a level 2 spell: Sticks to Snakes
  1190 | D:2      | Learned a level 3 spell: Spider Form
  1334 | D:2      | Noticed Robin
  1417 | D:2      | Killed Robin
  1417 | D:2      | Reached skill level 4 in Unarmed Combat
  1454 | D:2      | Reached XP level 4. HP: 3/19 MP: 2/8
  2370 | D:3      | Found a glowing silver altar of Zin.
  2402 | D:3      | Found a shattered altar of Ashenzari.
  2421 | D:2      | Gained mutation: Your system is resistant to poisons.
                  | (rPois) [potion of mutation]
  2421 | D:2      | Gained mutation: You are somewhat resistant to further
                  | mutation. [potion of mutation]
  2563 | D:3      | Upgraded the game from 0.23-a0-356-g1757c6e to
                  | 0.23-a0-370-gf497b7c
  2589 | D:3      | Reached XP level 5. HP: 22/22 MP: 3/9
  2632 | D:3      | Found a glowing drain.
  2655 | Sewer    | Entered a sewer
  2822 | Sewer    | Reached skill level 5 in Unarmed Combat
  3185 | Sewer    | Slain by a ball python
  3186 | Sewer    | Reached XP level 4. HP: 0/20 MP: 5/8
  3193 | Sewer    | Upgraded the game from 0.23-a0-370-gf497b7c to
                  | 0.23-a0-373-g305c090
  3210 | Sewer    | Reached XP level 5. HP: 21/23 MP: 3/9
  3483 | Sewer    | Gained mutation: You are covered in thick fur. (AC +2)
                  | [Felid growth]
  3483 | Sewer    | Reached XP level 6. HP: 5/28 MP: 10/10
  4069 | Sewer    | Reached skill level 6 in Unarmed Combat
  5064 | D:3      | Reached XP level 7. HP: 31/31 MP: 11/11
  5230 | D:4      | Reached skill level 5 in Stealth
  6005 | D:4      | Reached skill level 7 in Unarmed Combat
  6128 | D:4      | Found an iron altar of Okawaru.
  6226 | D:4      | Found a staircase to the Ecumenical Temple.
  6510 | Temple   | Entered the Ecumenical Temple
  6516 | Temple   | Became a worshipper of Cheibriados the Contemplative
  6644 | D:4      | Reached skill level 5 in Dodging
  6690 | D:4      | Reached XP level 8. HP: 28/34 MP: 6/12
  6870 | D:4      | Found Juysiodd's Distillery.
  7093 | D:5      | Entered Level 5 of the Dungeon
  7094 | D:5      | Reached skill level 1 in Invocations
  7112 | D:5      | Found Sishrob's Distillery.
  7173 | D:5      | Bought a potion of heal wounds for 75 gold pieces
  7173 | D:5      | Bought a potion of heal wounds for 75 gold pieces
  7605 | D:5      | Found a shadowy altar of Dithmenos.
  8288 | D:6      | Learned a level 4 spell: Ice Form
  8668 | D:6      | Reached * piety under Cheibriados
  8970 | D:6      | Reached skill level 1 in Ice Magic
  9049 | D:6      | Noticed Menkaure
  9060 | D:6      | Reached skill level 5 in Transmutations
  9251 | D:6      | Killed Menkaure
  9509 | D:6      | Noticed Edmund
  9518 | D:7      | Reached XP level 9. HP: 25/38 MP: 5/13
  9641 | D:7      | Killed Edmund
  9849 | D:6      | Reached ** piety under Cheibriados
 10144 | D:7      | Found a flagged portal.
 10154 | D:7      | Reached skill level 8 in Unarmed Combat
 10160 | Bailey   | Entered a bailey
 10402 | Bailey   | Reached *** piety under Cheibriados
 11267 | D:7      | Reached **** piety under Cheibriados
 11400 | D:7      | Reached skill level 9 in Unarmed Combat
 12063 | D:8      | Reached XP level 10. HP: 42/43 MP: 8/14
 12473 | D:8      | Reached ***** piety under Cheibriados
 12502 | D:8      | Reached skill level 5 in Fighting
 12720 | D:8      | Learned a level 3 spell: Tukima's Dance
 12868 | D:9      | Reached skill level 1 in Hexes
 12894 | D:9      | Found Raluh's Magic Scroll Emporium.
 12897 | D:9      | Bought 2 scrolls of teleportation for 78 gold pieces
 12897 | D:9      | Bought a scroll of teleportation for 39 gold pieces
 12897 | D:9      | Bought a scroll of teleportation for 39 gold pieces
 12978 | D:9      | Noticed Erolcha
 12981 | D:9      | Killed Erolcha
 12998 | D:9      | Noticed Joseph
 13005 | D:9      | Killed Joseph
 13005 | D:9      | Reached skill level 10 in Unarmed Combat
 13123 | D:9      | Noticed Harold
 13125 | D:9      | Killed Harold
 13258 | D:9      | Found a radiant altar of Vehumet.
 13261 | D:9      | Found a hazy altar of Hepliaklqana.
 13264 | D:9      | Found a basalt altar of Yredelemnul.
 13285 | D:10     | Entered Level 10 of the Dungeon
 13292 | D:10     | Reached skill level 5 in Invocations
 13582 | D:10     | Noticed Psyche
 13593 | D:10     | Killed Psyche
 13659 | D:10     | Reached XP level 11. HP: 48/48 MP: 10/15
 13720 | D:10     | Noticed a two-headed ogre
 13725 | D:10     | Killed a two-headed ogre
 13840 | D:10     | Found a staircase to the Orcish Mines.
 13861 | D:10     | Reached skill level 5 in Hexes
 14542 | D:11     | Found a labyrinth entrance.
 14548 | Lab      | Entered a Labyrinth
 15432 | Lab      | Noticed a minotaur
 15437 | Lab      | Killed a minotaur
 15437 | Lab      | Reached skill level 10 in Stealth
 15437 | Lab      | Reached skill level 11 in Unarmed Combat
 15696 | D:11     | Reached ****** piety under Cheibriados
 15767 | D:11     | Noticed a brown ugly thing
 15769 | D:11     | Killed a brown ugly thing
 15854 | D:11     | Found a staircase to the Lair.
 15941 | D:11     | Noticed Urug
 15949 | D:11     | Noticed a two-headed ogre
 15957 | D:11     | Killed a two-headed ogre
 15962 | D:11     | Killed Urug
 15976 | D:11     | Gained mutation: Your thick and shaggy fur keeps you warm.
                  | (AC +3, rC+) [Felid growth]
 15976 | D:11     | Reached XP level 12. HP: 43/52 MP: 8/17
 16197 | D:11     | Noticed a two-headed ogre
 16212 | D:11     | Killed a two-headed ogre
 16212 | D:11     | Reached skill level 12 in Unarmed Combat
 16453 | D:11     | Noticed a two-headed ogre
 16715 | D:11     | Killed a two-headed ogre
 16846 | Lair:1   | Entered Level 1 of the Lair of Beasts
 17868 | Lair:2   | Noticed a five-headed hydra
 17878 | Lair:2   | Killed a five-headed hydra
 18236 | Lair:2   | Noticed an eight-headed hydra
 18599 | Lair:2   | Found a hole to the Spider Nest.
 18902 | Lair:2   | Reached skill level 10 in Dodging
 18949 | Lair:2   | Killed an eight-headed hydra
 19304 | Lair:3   | Reached skill level 13 in Unarmed Combat
 19500 | Lair:3   | Reached skill level 5 in Spellcasting
 19572 | Lair:3   | Learned a level 6 spell: Invisibility
 19599 | Lair:3   | Noticed Nergalle
 19613 | Lair:3   | Found a staircase to the Shoals.
 19617 | Lair:3   | Killed Nergalle
 19617 | Lair:3   | Reached XP level 13. HP: 29/55 MP: 8/21
 20134 | Lair:3   | Noticed Gastronok
 20147 | Lair:3   | Killed Gastronok
 20454 | Lair:3   | Reached skill level 10 in Hexes
 21128 | Lair:4   | Learned a level 4 spell: Sticky Flame
 21588 | Lair:4   | Reached skill level 1 in Conjurations
 21588 | Lair:4   | Reached skill level 1 in Fire Magic
 22867 | Lair:5   | Reached skill level 14 in Unarmed Combat
 23377 | Lair:6   | Entered Level 6 of the Lair of Beasts
 23465 | Lair:6   | Reached XP level 14. HP: 49/61 MP: 12/24
 24386 | Lair:6   | Found a viscous altar of Jiyva.
 24386 | Lair:6   | Found a staircase to the Slime Pits.
 25939 | Orc:1    | Entered Level 1 of the Orcish Mines
 25946 | Orc:1    | Learned a level 5 spell: Lightning Bolt
 26011 | Orc:1    | Found a roughly hewn altar of Beogh.
 26203 | Orc:1    | Reached skill level 1 in Air Magic
 26591 | Orc:2    | Entered Level 2 of the Orcish Mines
 27137 | Orc:2    | Found a staircase to the Elven Halls.
 28181 | Orc:2    | Noticed Donald
 28192 | Orc:2    | Killed Donald
 28192 | Orc:2    | Reached skill level 15 in Unarmed Combat
 28362 | Orc:2    | Found Riosup's Weapon Emporium.
 28362 | Orc:2    | Found Meelud's Magic Scroll Shoppe.
 28362 | Orc:2    | Found Ceematam's Distillery.
 28365 | Orc:2    | Found Pejiladdut's Gadget Emporium.
 28370 | Orc:2    | Bought a potion of invisibility for 88 gold pieces
 28370 | Orc:2    | Bought a potion of heal wounds for 55 gold pieces
 28371 | Orc:2    | Bought a scroll of fear for 42 gold pieces
 28371 | Orc:2    | Bought a scroll of teleportation for 36 gold pieces
 28371 | Orc:2    | Bought a scroll of magic mapping for 42 gold pieces
 28797 | D:12     | Reached skill level 10 in Invocations
 29478 | D:12     | Reached XP level 15. HP: 66/66 MP: 27/27
 31924 | D:14     | Found a snail-covered altar of Cheibriados.
 31964 | D:14     | Reached skill level 5 in Air Magic
 32011 | D:14     | Noticed Agnes
 32041 | D:14     | Killed Agnes
 32735 | D:14     | Found a gate to the Vaults.
 33298 | D:15     | Entered Level 15 of the Dungeon
 33298 | D:15     | Found Esoydaf's Assorted Antiques.
 33724 | D:15     | Upgraded the game from 0.23-a0-373-g305c090 to
                  | 0.23-a0-375-g66a18ee
 33728 | D:15     | Found Urries's Weapon Shop.
 33855 | D:15     | Found a staircase to the Depths.
 33939 | D:15     | HP: 2/67 [fire dragon/blast of flame (31)]
 33957 | D:15     | Killed from afar by a fire dragon
 33958 | D:15     | Reached XP level 14. HP: -3/64 MP: 0/26
 33965 | D:15     | Found an opulent altar of Gozag.
 34183 | D:15     | Reached skill level 16 in Unarmed Combat
 34338 | D:15     | Shot with an arrow by a deep elf archer
 34339 | D:15     | Reached XP level 13. HP: -4/72 MP: 0/25
 34350 | D:15     | Noticed Josephine
 34523 | D:15     | Killed Josephine
 34570 | D:15     | Reached XP level 14. HP: 52/64 MP: 20/26
 35118 | D:15     | Bought a scroll of teleportation for 96 gold pieces
 35629 | D:15     | Found Tocria's Gadget Shop.
 35702 | D:15     | Upgraded the game from 0.23-a0-375-g66a18ee to
                  | 0.23-a0-389-g4a5eb33
 35880 | Spider:1 | Entered Level 1 of the Spider Nest
 36298 | Lair:2   | Upgraded the game from 0.23-a0-389-g4a5eb33 to
                  | 0.23-a0-455-ge12115f
 36298 | Lair:2   | Upgraded the game from 0.23-a0-455-ge12115f to
                  | 0.24-a0-498-ge00f04a
 36298 | Lair:2   | Upgraded the game from 0.24-a0-498-ge00f04a to
                  | 0.24-a0-520-g8fd06ad
 36298 | Lair:2   | Upgraded the game from 0.24-a0-520-g8fd06ad to
                  | 0.24-a0-524-gf43b32f
 36298 | Lair:2   | Upgraded the game from 0.24-a0-524-gf43b32f to
                  | 0.25-a0-435-g4b9beb1
 36298 | Lair:2   | Upgraded the game from 0.25-a0-435-g4b9beb1 to
                  | 0.25-a0-766-g0ecfff5
 36298 | Lair:2   | Quit the game

Levels and vault maps discovered:
D:1:      tarquinn_simple_flora_water_f, feat_on_display
D:2:      kennysheep_cross_bottleneck, st_stairs_2, uniq_robin
D:3:      grunt_temple_overflow_open, portal_sewer_entry_f
D:4:      minmay_temple_entry_fiery, first_ration, serial_shops,
          nicolae_shop_behind_doors, okawaru_metal_pillars_3
D:5:      nicolae_dithmenos_through_a_glass_darkly, serial_shops,
          shop_fountains, minmay_misc_feat_secret_circle
D:6:      serial_undead, serial_undead_c, serial_undead_d, serial_undead_a,
          serial_undead_e, uniq_edmund, uniq_menkaure
D:7:      enter_bailey_3
D:9:      grunt_temple_overflow_diamond, serial_shops, kennysheep_mini_moat,
          uniq_erolcha, uniq_joseph, uniq_harold
D:10:     kennysheep_orc_monster_closet_entryway, uniq_psyche
D:11:     david_lair_generic, lab_entry_generic, uniq_urug
D:12:     hangedman_ranch
D:14:     david_vaults_1, cheibriados_altar_1, uniq_agnes
D:15:     hangedman_depths_entry_civil_slaughter, serial_shops,
          nicolae_shop_crystal, shop, nicolae_shop_trees, dk_noncrumbling_2,
          grunt_gozag_breadcrumbs, uniq_josephine
Temple:   eino_temple_rhombus
Lair:1:   serial_bayou_shore_a
Lair:2:   spider_nest_entry_webs, grunt_megastairs_3, infiniplex_staircase_pool
Lair:3:   minmay_shoals_entry_centaurs, minmay_lair_oklob_chamber,
          uniq_nergalle, uniq_gastronok, uniq_snorg
Lair:4:   portal_ice_cave_entry_ice_beasts, chequers_serial_rivers_small_b,
          worms_lemuel, grunt_megastairs_2
Lair:6:   guppyfry_lair_end_dragon, slime_altar_1
Spider:1: gammafunk_ghost_split
Orc:1:    basic_altar
Orc:2:    st_orc_mages, uniq_donald

Skill      XL: |  1  2  3  4  5  6  7  8  9 10 11 12 13 14 15 |
---------------+----------------------------------------------+-----
Dodging        | 3 5 6 8 10 | 10.7
Stealth        | 1 2 3 4 5 7 9 10 12 11 | 12.0
Unarmed Combat | 4 5 6 7 9 10 11 13 14 16 | 16.2
Fighting       | 2 3 4 5 6 7 8 9 |  9.4
Transmutations | 3 5 6 |  6.3
Invocations    | 1 3 5 6 7 9 10 | 10.9
Ice Magic      | 3 |  3.6
Hexes          | 4 7 9 10 | 10.3
Spellcasting   | 3 5 6 7 |  7.5
Conjurations   | 2 3 |  3.9
Fire Magic     | 2 3 |  3.8
Air Magic      | 7 6 |  7.2

Action                   |  1- 3 |  4- 6 |  7- 9 | 10-12 | 13-15 || total
-------------------------+-------+-------+-------+-------+-------++-------
Melee: Unarmed           |   116 |   289 |   454 |   432 |  1068 ||  2359
       Bite              |     6 |     5 |    13 |    13 |    35 ||    72
       Punch             |     1 |     1 |     8 |     8 |    37 ||    55
       Headbutt          |     4 |       |       |       |     6 ||    10
 Cast: Beastly Appendage |     6 |       |       |       |     1 ||     7
       Spider Form       |     3 |    21 |    24 |       |       ||    48
       Ice Form          |       |       |    14 |    31 |    85 ||   130
       Tukima's Dance    |       |       |       |     3 |    73 ||    76
       Lightning Bolt    |       |       |       |       |     7 ||     7
       Sticky Flame      |       |       |       |       |     3 ||     3
       Invisibility      |       |       |       |       |     5 ||     5
Invok: Slouch            |       |       |       |     2 |    20 ||    22
       Bend Time         |       |       |       |       |     1 ||     1
 Abil: End Transformatio |       |     1 |       |       |     1 ||     2
Evoke: Wand              |       |       |     2 |    12 |    12 ||    26
  Use: Potion            |       |     2 |     6 |     1 |     7 ||    16
       Scroll            |       |       |     8 |     9 |    13 ||    30
 Stab: Sleeping          |     6 |     7 |    24 |    36 |    35 ||   108
       Distracted        |     1 |     1 |     3 |     1 |    13 ||    19
       Invisible         |       |       |       |       |    11 ||    11
       Confused          |       |       |       |       |     4 ||     4
       Petrified         |       |       |       |       |     7 ||     7
  Eat: Chunk             |     8 |    18 |    17 |    25 |    32 ||   100
Armor: Skin              |     5 |     4 |    26 |    36 |    97 ||   168
Dodge: Dodged            |   107 |   286 |   533 |   503 |  1172 ||  2601

Table legend:
 A = Non-vault XP
 B = Vault XP
 C = Vault XP percentage of total XP
 D = Non-vault monster count
 E = Vault monster count
 F = Vault count percentage of total count
                 A         B        C        D         E       F
            +---------+---------+-------+---------+---------+-------
      Total |  119558 |   39941 |  25.0 |     707 |     246 |  25.8
            +---------+---------+-------+---------+---------+-------
        D:1 |      45 |       0 |   0.0 |      28 |       0 |   0.0
        D:2 |      72 |      37 |  33.9 |      24 |      14 |  36.8
        D:3 |     259 |       9 |   3.4 |      32 |       3 |   8.6
        D:4 |     796 |       0 |   0.0 |      32 |       0 |   0.0
        D:5 |     269 |       0 |   0.0 |      13 |       0 |   0.0
        D:6 |     577 |     665 |  53.5 |      17 |      10 |  37.0
        D:7 |     847 |     165 |  16.3 |      36 |       5 |  12.2
        D:8 |    1252 |       0 |   0.0 |      29 |       0 |   0.0
        D:9 |     800 |    2438 |  75.3 |      12 |       3 |  20.0
       D:10 |    1976 |    1907 |  49.1 |      19 |      18 |  48.6
       D:11 |    9734 |    1910 |  16.4 |      49 |       5 |   9.3
       D:12 |    5043 |    2146 |  29.9 |      33 |       8 |  19.5
       D:13 |   11642 |       0 |   0.0 |      53 |       0 |   0.0
       D:14 |   16607 |    4783 |  22.4 |      47 |       6 |  11.3
       D:15 |   14684 |    6597 |  31.0 |      37 |      12 |  24.5
     Lair:1 |    2587 |       0 |   0.0 |      13 |       0 |   0.0
     Lair:2 |    6128 |     904 |  12.9 |      20 |       4 |  16.7
     Lair:3 |    7271 |    3117 |  30.0 |      33 |       4 |  10.8
     Lair:4 |    2789 |    4146 |  59.8 |      15 |      22 |  59.5
     Lair:5 |   10068 |       0 |   0.0 |      31 |       0 |   0.0
     Lair:6 |   16191 |    2132 |  11.6 |      50 |      13 |  20.6
   Spider:1 |    1547 |       0 |   0.0 |       5 |       0 |   0.0
      Orc:1 |    3853 |       0 |   0.0 |      39 |       0 |   0.0
      Orc:2 |    3344 |    6536 |  66.2 |      39 |      37 |  48.7
        Lab |    1177 |     727 |  38.2 |       1 |       4 |  80.0
      Sewer |       0 |     513 | 100.0 |       0 |      48 | 100.0
     Bailey |       0 |    1209 | 100.0 |       0 |      30 | 100.0
            +---------+---------+-------+---------+---------+-------
